 Dungeon Crawl Stone Soup version 0.18-a0-1577-gf591c28 (webtiles) character file.

80 Duffy the Insei (level 4, 32/32 HPs)
             Began as a Demonspawn Transmuter on Mar 18, 2016.
             Quit the game on level 3 of the Dungeon.
             The game lasted 00:02:14 (2802 turns).

Duffy the Insei (Demonspawn Transmuter)             Turns: 2802, Time: 00:02:14

Health: 32/32      AC:  3    Str: 11    XL:     4   Next: 18%
Magic:  7/7        EV: 12    Int: 14    God:
Gold:   120        SH:  0    Dex: 14    Spells: 2 memorised, 3 levels left

rFire  . . .     SeeInvis .       - Unarmed
rCold  . . .     Gourm    .     b - +0 robe
rNeg   . . .     Faith    .     (no shield)
rPois  .         Spirit   .     (no helmet)
rElec  .         Dismiss  .     (no cloak)
rCorr  .         Reflect  .     (no gloves)
SustAt .         Harm     .     j - +0 pair of boots
MR     +....                    (no amulet)
Stlth  +.........               (no ring)
                                r - ring of protection from magic

@: somewhat resistant to hostile enchantments, very unstealthy
A: claws 2, spiny 1
a: no special abilities


You were on level 3 of the Dungeon.
You were not hungry.

You visited 1 branch of the dungeon, and saw 3 of its levels.

You collected 120 gold pieces.


Innate Abilities, Weirdness & Mutations

You have very sharp fingernails.
You are partially covered in sharp spines.


   Skills:
 - Level 1.0 Fighting
 - Level 1.7 Dodging
 + Level 4.1 Unarmed Combat
 - Level 2.0 Spellcasting
 - Level 2.0 Transmutations
 + Level 1.4 Poison Magic


You had 3 spell levels left.
You knew the following spells:

 Your Spells              Type           Power        Failure   Level  Hunger
a - Beastly Appendage     Trmt           #.....       12%         1    ##.....
l - Spider Form           Trmt/Pois      #.........   38%         3    ####...

Inventory:

Hand Weapons
 n - a +0 blowgun
Missiles
 a - 12 arrows
 o - 3 poisoned needles
Armour
 b - a +0 robe (worn)
 j - a +0 pair of boots (worn)
Jewellery
 r - a ring of protection from magic (left claw)
Scrolls
 e - a scroll of fog {unknown}
 i - 2 scrolls of remove curse {unknown}
 q - a scroll of teleportation {unknown}
Potions
 g - a potion of curing {unknown}
 h - a potion of might {unknown}
 k - a potion of agility {unknown}
 l - a potion of heal wounds {unknown}
 m - a potion of berserk rage {unknown}
Books
 c - a book of Changes
Comestibles
 d - 2 bread rations
 f - a meat ration

Dungeon Overview and Level Annotations

Branches:
Dungeon (3/15)

Altars:
Gozag


Message History

An adder comes into view.
The adder bites you.
You are poisoned.
The adder poisons you!
You claw the adder!
The adder is heavily wounded.
You feel sick. The adder bites you.
You claw the adder!
You kill the adder!
You have reached level 4!
You feel stronger.
Your demonic ancestry asserts itself...
Sharp spines emerge from parts of your body.
You feel sick.
You feel sick.
You feel sick.
You are no longer poisoned.
An orc comes into view. It is wielding a morningstar.
An orc is nearby!
A giant cockroach and an orc come into view.
The orc shouts! x2; You hear a shout! x2
Found a ring mail.
The orc barely misses you.
You completely miss the giant cockroach.
The orc is struck by your spines.
You kill the orc!
The giant cockroach misses you.
You scratch the orc.
The orc is lightly wounded.
The giant cockroach is struck by your spines.
You kill the giant cockroach!
The orc is struck by your spines.
You kill the orc!
You see here a giant cockroach corpse.
Found an opulent altar of Gozag.
Are you sure you want to abandon this character and quit the game? (Confirm with "yes".)

..# .#.... ..# ....._..
..# ###.#...... ###
#...#.8...8 #
#...##.....#####
#####....###.###...#
...##..............###..
...##...................
...##...........@..####
...............[...#
..###.....%........# ###
#...)..........#
#..............#
#........#####...
##.#.#.### ##. #.......
#. .........


There were no monsters in sight!

Action                   |  1- 3 |  4- 6 || total
-------------------------+-------+-------++-------
Melee: Unarmed           |   145 |     2 ||   147
 Stab: Sleeping          |     2 |       ||     2
  Eat: Chunk             |     6 |       ||     6

Notes
Turn   | Place    | Note
--------------------------------------------------------------
     0 | D:1      | Duffy the Demonspawn Transmuter began the quest for the Orb.
     0 | D:1      | Reached XP level 1. HP: 15/15 MP: 3/3
   139 | D:1      | Reached skill level 3 in Unarmed Combat
   464 | D:1      | Gained mutation: You have sharp fingernails. [demonic ancestry]
   464 | D:1      | Reached XP level 2. HP: 5/21 MP: 5/5
  1545 | D:2      | Gained mutation: You have very sharp fingernails. [demonic ancestry]
  1545 | D:2      | Reached XP level 3. HP: 24/26 MP: 6/6
  1554 | D:2      | Reached skill level 2 in Transmutations
  1807 | D:1      | Learned a level 3 spell: Spider Form
  2362 | D:3      | Reached skill level 4 in Unarmed Combat
  2474 | D:3      | Reached skill level 1 in Poison Magic
  2667 | D:3      | Gained mutation: You are partially covered in sharp spines. [demonic ancestry]
  2667 | D:3      | Reached XP level 4. HP: 23/32 MP: 7/7
  2797 | D:3      | Found an opulent altar of Gozag.
  2802 | D:3      | Quit the game

Vault maps used:
D:1:      lightli_iron_boxes
D:2:      first_bread
D:3:      kennysheep_okawaru_gauntlet, gammafunk_temple_overflow_wave,
          grunt_gozag_statues

Vanquished Creatures
  An adder
  A dart slug
  2 giant geckos
  2 orcs
  3 giant cockroaches
  7 goblins
  4 hobgoblins
  13 jackals
  12 kobolds
  2 quokkas
  3 bats
  6 rats
56 creatures vanquished.
